Map: [ESL] Cosmic Sapphire

Players

Vindicta - Winner!

  • Race: Terran Terran
  • Spawn Location: 11:00

Ukko

  • Race: Zerg Zerg
  • Spawn Location: 5:00

Event: DreamHack SC2 Masters 2022 Atlanta (Online)

VOD

Have the link to the VOD?

Description

Time

  • Played on: Oct. 7, 2022, 4:18 p.m.
  • Length: 11:18

All games in this series

Show
View Real Time Build Order
Export as new Build Order

Vindicta Terran - Winner!

Build Orders: Reaper Expand, Hellion Banshee 

Get SALT Encoding   

  12  0:00  SCV  
  13  0:12  SCV  
  14  0:17  Supply Depot  
  14  0:24  SCV  
  15  0:39  SCV  
  15  0:40  Barracks  
  16  0:43  Refinery  
  16  0:51  SCV  
  17  1:03  SCV  
  18  1:15  SCV  
  19  1:27  Orbital Command  
  19  1:28  Reaper  
  20  1:40  Command Center  
  20  1:52  SCV  
  21  1:54  Supply Depot  
  21  2:00  Marine  
  22  2:04  SCV  
  23  2:11  Factory  
  23  2:17  SCV  
  23  2:18  Marine  
  25  2:25  Refinery  
  25  2:29  SCV  
  26  2:37  Barracks Reactor  
  26  2:41  SCV  
  27  2:53  SCV  
  27  2:56  Orbital Command  
  28  3:00  Starport  
  28  3:05  SCV  
  29  3:09  Bunker  
  29  3:17  SCV  
  29  3:18  Hellion x2  
  34  3:20  Barracks Tech Lab  
  34  3:21  SCV  
  35  3:27  Supply Depot  
  33  3:37  SCV  
  33  3:39  Hellion x2  
  36  3:45  Banshee, Cloaking Field  
  39  3:51  Supply Depot  
  39  3:52  SCV  
  39  3:54  SCV  
  41  4:01  Hellion  
  43  4:04  SCV  
  43  4:05  Hellion  
  43  4:06  Barracks Tech Lab  
  46  4:10  SCV  
  46  4:16  SCV  
  47  4:17  Supply Depot  
  47  4:23  SCV  
  48  4:27  Stimpack  
  48  4:28  SCV, Banshee  
  53  4:40  SCV  
  53  4:43  Command Center  
  53  4:45  SCV  
  54  4:52  SCV  
  55  4:56  Supply Depot  
  55  4:57  SCV  
  58  5:04  SCV, Factory Reactor  
  57  5:07  Barracks  
  57  5:09  SCV  
  57  5:12  Barracks  
  58  5:16  SCV  
  59  5:21  SCV  
  59  5:25  Engineering Bay x2  
  59  5:28  SCV, Starport Reactor  
  60  5:33  Refinery, SCV  
  60  5:34  Refinery  
  62  5:38  Marine  
  62  5:40  SCV  
  62  5:41  Supply Depot  
  64  5:45  SCV  
  65  5:51  Siege Tank  
  65  5:53  SCV  
  65  5:56  Marine, Orbital Command  
  70  5:57  SCV, Marine x2  
  70  6:00  Terran Infantry Armor Level 1, Terran Infantry Weapons Level 1  
  73  6:05  SCV  
  73  6:06  Medivac  
  73  6:07  Medivac  
  73  6:10  SCV  
  79  6:13  Marine x2  
  79  6:16  Supply Depot  
  82  6:21  Orbital Command  
  82  6:22  Combat Shield  
  82  6:23  Marine x2  
  82  6:25  SCV x2  
  85  6:30  Siege Tank  
  85  6:31  Marine  
  89  6:34  Marine  
  89  6:37  SCV  
  92  6:40  Marine x2  
  92  6:43  SCV  
  92  6:45  Barracks x2  
  92  6:46  SCV  
  96  6:49  SCV  
  96  6:53  Marine x2  
  98  6:54  Supply Depot  
  98  6:56  Supply Depot  
  98  6:58  SCV, Marine  
  98  7:00  Marine  
  101  7:07  Armory  
  101  7:13  Factory  
  101  7:16  SCV x3, Marine x2  
  101  7:18  Supply Depot  
  101  7:20  Supply Depot, Marine x2  
  101  7:22  Marine  
  109  7:28  SCV x3  
  112  7:33  Medivac x2, Marine  
  117  7:39  Marine x2  
  117  7:40  SCV x3, Marine x2  
  119  7:45  Marine  
  117  7:51  Marine  
  117  7:52  SCV x2  
  117  7:56  Barracks Reactor  
  117  7:57  Barracks Reactor, Marine  
  117  7:58  Marine x2, Factory Reactor  
  120  8:01  SCV, Terran Infantry Weapons Level 2  
  118  8:06  Marine  
  118  8:09  Marine  
  113  8:14  Marine  
  113  8:19  Marine  
  110  8:21  Marine  
  110  8:24  SCV x2  
  110  8:25  Terran Infantry Armor Level 2  
  112  8:28  Refinery  
  112  8:31  Widow Mine  
  112  8:32  Command Center, Marine  
  115  8:36  Widow Mine x2  
  115  8:38  Marine x2  
  115  8:39  Marine  
  122  8:44  Marine  
  122  8:47  Marine  
  123  8:48  Marine x2  
  123  8:52  Widow Mine  
  119  8:56  Marine x2  
  119  8:57  SCV x2, Widow Mine x2, Marine  
  119  8:58  SCV  
  120  9:06  Marine  
  120  9:08  Command Center  
  120  9:09  SCV  
  123  9:10  SCV  
  123  9:13  Marine x3  
  123  9:14  Widow Mine, Marine  
  129  9:17  Marine  
  129  9:22  Medivac  
  132  9:25  Supply Depot  
  132  9:27  Supply Depot  
  132  9:34  Marine  
  132  9:35  Widow Mine, Marine x3  
  132  9:36  Widow Mine  
  140  9:46  Marine  
  140  9:47  Supply Depot, Marine x2  
  140  9:49  Marine  
  142  9:53  SCV  
  142  9:55  Marine  
  142  9:57  Widow Mine, Marine x2  
  142  9:58  Marine  
  150  10:01  Medivac x2  
  150  10:06  Supply Depot  
  153  10:07  SCV x2, Barracks x2  
  155  10:15  Marine x3  
  155  10:16  Marine x2  
  155  10:17  Marauder, Marine  
  163  10:26  Marine  
  164  10:30  Marine  
  164  10:31  Medivac x2  
  164  10:33  SCV, Marine x2  
  164  10:34  Marine  
  173  10:38  Marauder  
  175  10:42  Marine  
  176  10:53  Widow Mine  
  176  10:55  Barracks Tech Lab x2  
  168  10:58  Marine x2  
Show
View Real Time Build Order
Export as new Build Order

Ukko Zerg 

Build Orders: Pool First 

Get SALT Encoding   

  12  0:00  Drone  
  13  0:12  Overlord  
  13  0:16  Drone  
  14  0:30  Drone x2  
  14  0:35  Drone  
  17  0:44  Extractor  
  17  0:45  Drone  
  17  0:50  Spawning Pool  
  17  0:55  Drone  
  17  1:06  Drone  
  18  1:15  Hatchery  
  17  1:25  Drone  
  18  1:38  Zergling x4, Queen  
  22  1:48  Overlord  
  22  1:51  Metabolic Boost  
  22  2:07  Drone  
  23  2:11  Drone  
  23  2:14  Queen  
  26  2:27  Drone x2  
  28  2:35  Hatchery  
  27  2:38  Drone  
  27  2:40  Drone  
  29  2:47  Zergling x6  
  32  2:54  Overlord  
  32  2:58  Drone x2  
  32  3:05  Queen  
  36  3:10  Overlord  
  36  3:15  Queen  
  38  3:20  Drone x2  
  38  3:24  Drone x2  
  42  3:37  Drone x4  
  42  3:41  Queen  
  46  3:47  Queen  
  50  3:49  Zergling x2  
  50  3:50  Zergling x2  
  50  3:52  Overlord  
  52  3:57  Queen  
  52  3:58  Drone  
  55  4:12  Drone x8  
  63  4:18  Queen  
  63  4:24  Overlord x2  
  65  4:33  Overlord x2  
  65  4:34  Drone  
  66  4:41  Queen  
  66  4:44  Spore Crawler x2  
  64  4:46  Spore Crawler, Drone x2  
  64  4:47  Drone  
  64  4:48  Drone x2  
  68  4:53  Lair  
  68  4:56  Zergling x6  
  73  5:00  Zergling x4  
  73  5:02  Drone  
  73  5:03  Drone  
  75  5:09  Drone x4  
  75  5:10  Zergling x2  
  80  5:19  Drone x5  
  85  5:25  Drone x2  
  87  5:30  Overlord  
  87  5:31  Overlord  
  87  5:36  Extractor  
  87  5:38  Extractor  
  87  5:39  Drone x4  
  89  5:43  Extractor  
  89  5:44  Evolution Chamber x2  
  89  5:46  Baneling Nest, Drone x2  
  87  5:52  Overseer  
  87  5:53  Hatchery  
  87  5:55  Overseer, Drone  
  87  5:56  Drone x4  
  91  6:03  Hatchery  
  90  6:04  Drone x4  
  94  6:15  Hatchery  
  94  6:18  Drone x8  
  102  6:29  Zergling x10, Zerg Ground Armor Level 1  
  107  6:33  Hatchery  
  107  6:39  Zerg Melee Weapons Level 1  
  106  6:40  Overlord x4  
  106  6:44  Zergling x8  
  111  6:47  Zergling x2  
  111  6:52  Zergling x6  
  114  7:00  Centrifugal Hooks  
  113  7:02  Baneling  
  113  7:03  Baneling x3  
  113  7:09  Zergling x14  
  120  7:16  Zergling x16  
  128  7:29  Baneling x6  
  128  7:30  Zergling x8  
  118  7:44  Zergling x22  
  119  7:53  Zergling x12  
  121  8:01  Zergling x8  
  121  8:02  Queen x4  
  132  8:11  Zergling x16  
  129  8:15  Zergling x2  
  129  8:19  Zergling x6  
  120  8:27  Zergling x4  
  120  8:30  Baneling x9  
  120  8:33  Zergling x8  
  126  8:35  Zerg Melee Weapons Level 2, Zerg Ground Armor Level 2  
  126  8:44  Zergling x8  
  125  8:56  Zergling x8  
  125  9:01  Hatchery  
  119  9:05  Zergling x6  
  120  9:20  Zergling x12, Infestation Pit  
  120  9:21  Zergling x4  
  120  9:22  Baneling  
  120  9:23  Baneling x8  
  127  9:24  Baneling x9  
  127  9:27  Zergling x6  
  130  9:32  Zergling x2  
  130  9:33  Hatchery  
  126  9:39  Zergling x10  
  126  9:45  Zergling x4  
  129  9:57  Hive  
  129  10:05  Zergling x30  
  135  10:16  Zergling x20, Hatchery  
  135  10:20  Zergling x2  
  144  10:25  Zergling x6  
  144  10:27  Baneling x9  
  144  10:28  Zergling x6  
  149  10:33  Zergling x6  
  151  10:39  Overseer  
  151  10:40  Overlord x4  
  150  10:50  Baneling x3  
  150  10:51  Zergling x4, Baneling x3  
Tags
 
Add a new tag
Caveats
  • Supply blocks, unpowered buildings, or Contaminate may cause inaccurate times.
  • Supply counts are checked every 10 seconds.